 Dungeon Crawl Stone Soup version 0.26.1-10-gdfb7c7de75 (webtiles) character file.

Game seed: 15811867021668503589

614 Almogavar the Chopper (level 7, 0/61 HPs)
             Began as a Hill Orc Fighter on Apr 9, 2021.
             Was a Believer of Cheibriados.
             Slain by a gnoll
             ... wielding a +0 whip
              (1 damage)
             ... on level 4 of the Dungeon.
             The game lasted 00:12:04 (4076 turns).

Almogavar the Chopper (Hill Orc Fighter)            Turns: 4076, Time: 00:12:04

Health: 0/61       AC: 13    Str: 25    XL:     7   Next: 44%
Magic:  7/7        EV:  6    Int: 12    God:    Cheibriados [**....]
Gold:   207        SH: 10    Dex: 14    Spells: 6/6 levels left

rFire    + . .     SeeInvis .   a - +0 war axe
rCold    . . .     Faith    .   c - +0 kite shield
rNeg     . . .     Spirit   .   j - +0 chain mail
rPois    .         Reflect  .   l - +2 hat
rElec    .         Harm     .   m - +0 cloak
rCorr    .         Rampage  .   (no gloves)
Will     .....                  (no boots)
Stlth    ..........             (no amulet)
HPRegen  0.20/turn              o - ring of protection from fire
MPRegen  0.10/turn              (no ring)

@: very slow
A: no striking features
a: Renounce Religion, Bend Time


You were on level 4 of the Dungeon.
You worshipped Cheibriados.
Cheibriados was pleased with you.
You visited 1 branch of the dungeon, and saw 4 of its levels.

You collected 207 gold pieces.

Inventory:

Hand Weapons
 a - a +0 war axe (weapon)
Missiles
 e - 24 poisoned darts (quivered)
Armour
 c - a +0 kite shield (worn)
 j - a +0 chain mail (worn)
 l - a +2 hat (worn)
 m - a +0 cloak (worn)
Jewellery
 o - a ring of protection from fire (left hand)
Wands
 s - a wand of polymorph (10)
Scrolls
 b - a scroll of enchant armour
 f - a scroll of magic mapping {unknown}
 g - 2 scrolls of enchant weapon
 i - 2 scrolls of fog
 n - 3 scrolls of teleportation {unknown}
 q - a scroll of random uselessness {unknown}
 r - a scroll of amnesia {unknown}
Potions
 d - a potion of might
 h - a potion of heal wounds
 k - a potion of invisibility {unknown}
 p - a potion of haste {unknown}
 t - a potion of curing
 u - a potion of attraction {unknown}


   Skills:
 + Level 5.1 Fighting
 + Level 6.7 Axes
 + Level 1.0 Throwing
 + Level 5.4 Armour
 + Level 0.6 Dodging
 + Level 4.6 Shields
 + Level 0.3 Invocations


You had 6 spell levels left.
You didn't know any spells.
Your spell library was empty.

Dungeon Overview and Level Annotations

Branches:
Dungeon (4/15)
 Temple: D:4-7

Altars:
Cheibriados
Qazlal
Yredelemnul


Message History

You closely miss the gnoll. You block the gnoll's attack.
The gnoll hits you from afar with a +0 halberd.
The gnoll completely misses you. The gnoll hits you with a +0 halberd!
The gnoll hits you but does no damage.
Unknown command.
You slash the gnoll!
The gnoll is almost dead.
You hit the gnoll. The gnoll hits you with a +0 halberd!
* * * LOW HITPOINT WARNING * * *
The gnoll hits you with a +0 whip.
* * * LOW HITPOINT WARNING * * *
Your shield and chain mail prevent you from hitting the gnoll.
The gnoll is almost dead.
You closely miss the gnoll. The gnoll hits you with a +0 halberd.
* * * LOW HITPOINT WARNING * * *
The gnoll hits you but does no damage.
You barely miss the gnoll.
The gnoll is almost dead.
You slash the gnoll! The gnoll hits you with a +0 whip.
You die...

..........# ..
..........# ##.
..........# ##.. ###
...........# #...#####.#
..#........###......#..##
.........(.##...........#
#.......g(.##...#...##...
#....##@#####..#..##....
###....g(##.....#.###....
........(................
#...............#####.##
##...............# ##.##
.##..............># #..##
..............##..####..)
....................#....
..##.###.................


You could see 2 gnolls.

Vanquished Creatures
  Grinder (D:4)
  An orc priest (D:4)
  3 orc wizards (D:4)
  Terence (D:2)
  An iguana (D:4)
  A worker ant (D:4)
  7 gnolls
  6 adders
  An ooze (D:1)
  3 worms
  3 dart slugs
  2 leopard geckos (D:1)
  7 orcs
  11 bats
  4 giant cockroaches
  4 goblins (D:1)
  2 hobgoblins (D:1)
  3 jackals (D:3)
  15 kobolds
  3 ball pythons
  3 frilled lizards
  6 rats
88 creatures vanquished.

Notes
Turn   | Place    | Note
-------+----------+-------------------------------------------
     0 | D:1      | Almogavar the Hill Orc Fighter began the quest for the Orb.
     0 | D:1      | Reached XP level 1. HP: 19/19 MP: 1/1
   227 | D:1      | Reached XP level 2. HP: 27/27 MP: 2/2
   309 | D:1      | HP: 1/27 [gnoll/+0 flail (5)]
   311 | D:1      | Reached XP level 3. HP: 1/33 MP: 3/3
   756 | D:1      | Reached skill level 3 in Axes
   971 | D:1      | Reached XP level 4. HP: 30/40 MP: 4/4
  2039 | D:2      | Found a snail-covered altar of Cheibriados.
  2109 | D:2      | Became a worshipper of Cheibriados the Contemplative
  2168 | D:2      | Reached skill level 4 in Axes
  2168 | D:2      | Reached XP level 5. HP: 46/46 MP: 5/5
  2212 | D:2      | Noticed Terence
  2236 | D:2      | Killed Terence
  3019 | D:3      | Reached * piety under Cheibriados
  3542 | D:4      | Reached skill level 5 in Armour
  3542 | D:4      | Reached XP level 6. HP: 27/53 MP: 6/6
  3557 | D:4      | Reached skill level 5 in Axes
  3662 | D:4      | Found a basalt altar of Yredelemnul.
  3673 | D:4      | Reached ** piety under Cheibriados
  3743 | D:4      | Got a translucent whip
  3744 | D:4      | Identified the +8 whip of Reakuz {speed, rN+ Will+ Dex-4}
                  | (You found it on level 4 of the Dungeon)
  3755 | D:4      | Found a stormy altar of Qazlal.
  3840 | D:4      | Noticed Grinder
  3848 | D:4      | Killed Grinder
  3849 | D:4      | Reached skill level 5 in Fighting
  3849 | D:4      | Reached skill level 6 in Axes
  3849 | D:4      | Reached skill level 1 in Throwing
  3849 | D:4      | Reached XP level 7. HP: 28/61 MP: 7/7
  4075 | D:4      | HP: 1/61 [gnoll/+0 halberd (5)]
  4076 | D:4      | Slain by a gnoll

Illustrated notes

Levels and vault maps discovered:
D:1:      roderic_dead_forest, layout_loops_ring, solitary_fountain,
          minmay_misc_feat_x
D:2:      layout_loops_ring, kennysheep_slug_shrine, uniq_terence
D:3:      layout_basic
D:4:      layout_cave_pools, lemuel_round_altar, old_standard_altar,
          nicolae_tso_swordbearing_angel, grunt_ministairs_8, uniq_grinder

Skill      XL: |  1  2  3  4  5  6 |
---------------+-------------------+-----
Armour         | 4 5 |  5.4
Fighting       | 4 5 |  5.1
Axes           | 3 4 6 |  6.7
Shields        | 4 |  4.6
Throwing       | 1 |  1.0
Dodging        | |  0.6
Invocations    | |  0.3

Action                   |  1- 3 |  4- 6 |  7- 9 || total
-------------------------+-------+-------+-------++-------
Melee: War axe           |    96 |   226 |    13 ||   335
Throw: Dart              |    10 |    14 |     3 ||    27
Invok: Bend Time         |       |     1 |       ||     1
  Use: Scroll            |       |     5 |       ||     5
       Potion            |       |     2 |       ||     2
Armor: Scale mail        |    33 |    15 |       ||    48
       Chain mail        |       |   118 |     6 ||   124
       Skin              |       |    16 |       ||    16
Dodge: Dodged            |    31 |    58 |     3 ||    92
Block: Kite shield       |    40 |   128 |    11 ||   179
